 Dungeon Crawl Stone Soup version 0.29-a0-920-g5d2155ec51 (webtiles) character file.

Game seed: 18039822225310502955

189 Essalna the Conjurer (level 5, 0/21 (35) HPs)
             Began as a Demonspawn Conjurer on July 27, 2022.
             Slain by an orc
             ... wielding a +2 dagger of draining
              (2 damage)
             ... on level 4 of the Dungeon.
             The game lasted 00:05:13 (2929 turns).

Essalna the Conjurer (Demonspawn Conjurer)          Turns: 2929, Time: 00:05:13

HP:   0/21 (35)     AC:  6    Str:  8    XL:     5   Next: 40%
MP:   10/10         EV: 27    Int: 21    God:
Gold: 124           SH:  0    Dex: 11    Spells: 8/11 levels left

rFire   . . .      SeeInvis .   i - +0 dagger (pain)
rCold   . . .      Faith    .   (no shield)
rNeg    . . .      Spirit   .   a - +0 robe
rPois   +          Reflect  .   (no helmet)
rElec   .          Harm     .   (no cloak)
rCorr   .          Rampage  .   k - +0 pair of gloves
Will    .....                   g - +1 pair of boots
Stlth   ++........              l - amulet of the acrobat
HPRegen 0.07/turn               q - ring of poison resistance
MPRegen 0.12/turn               (no ring)

@: acrobatic, very heavily drained
A: sharp scales 1, weakness stinger 2
a: no special abilities


You were on level 4 of the Dungeon.
You visited 1 branch of the dungeon, and saw 4 of its levels.

You collected 124 gold pieces.

Inventory:

Hand Weapons
 i - a +0 dagger of pain (weapon)
Armour
 a - a +0 robe (worn)
 g - a +1 pair of boots (worn)
 k - a +0 pair of gloves (worn)
 s - a +0 pair of boots
Jewellery
 l - an amulet of the acrobat (around neck)
 q - a ring of poison resistance (left hand)
Scrolls
 c - 2 scrolls of teleportation
Potions
 b - a potion of magic
 d - 2 potions of resistance
 e - a potion of lignification {unknown}
 f - a potion of might {unknown}
 h - a potion of attraction {unknown}
 j - a potion of cancellation {unknown}
 r - a potion of degeneration {unknown}


   Skills:
 - Level 1.7 Dodging
 - Level 1.7 Stealth
 + Level 3.9 Spellcasting
 + Level 5.5 Conjurations


You had 8 spell levels left.
You knew the following spells:

 Your Spells              Type           Power      Damage    Failure   Level
a - Magic Dart            Conj           100%       1d8       1%          1
b - Searing Ray           Conj           54%        2d6       1%          2

Your spell library contained the following spells:

 Spells                   Type           Power      Damage    Failure   Level
 Freeze                   Ice            16%        1d4       12%         1
 Sandblast                Erth           8%         2d5       12%         1
 Dazzling Flash           Conj/Hex       30%        N/A       12%         3
 Stone Arrow              Conj/Erth      30%        3d8       12%         3
 Passwall                 Tmut/Erth      3%         N/A       19%         2
 Frozen Ramparts          Ice            8%         1d2       36%         3
 Gell's Gravitas          Tloc           4%         N/A       36%         3
 Lesser Beckoning         Tloc           4%         N/A       36%         3
 Teleport Other           Tloc           4%         N/A       36%         3
 Fulminant Prism          Conj/Hex       7%         3d7       36%         4
 Hailstorm                Conj/Ice       15%        3d5       36%         4
 Iskenderun's Mystic Bla  Conj/Tloc      15%        2d5       36%         4
 Malign Gateway           Summ/Tloc      2%         N/A       100%        7
 Summon Horrible Things   Summ           2%         N/A       100%        8


Dungeon Overview and Level Annotations

Branches:
Dungeon (4/15)
 Temple: D:4-7

Altars:

Annotations:
D:3 Grinder, Sigmund


Innate Abilities, Weirdness & Mutations

You are partially covered in razor-sharp scales. (AC +1, Slay +1)
You have a tail ending in a sharp stinger.


Message History

The orc completely misses you. The orc barely misses you.
The orc completely misses you. The orc hits you with a +0 short sword.
The orc barely misses you. The orc completely misses you.
The orc completely misses you. The orc barely misses you.
The orc completely misses you. The orc closely misses you.
The orc completely misses you. The orc misses you. The orc misses you. x2
The orc closely misses you. The orc hits you but does no damage.
The orc completely misses you. The orc misses you.
The orc hits you but does no damage.
You feel drained. The orc misses you. The orc barely misses you.
The orc closely misses you. The orc closely misses you.
The orc completely misses you.
The orc hits you with a +2 dagger of draining.
You feel drained. The orc completely misses you.
The orc hits you but does no damage.
You feel drained. The orc closely misses you.
The orc hits you with a +2 dagger of draining.
You feel drained. The orc hits you with a +0 short sword.
The orc closely misses you. The orc completely misses you.
The orc hits you but does no damage.
You feel drained. The orc barely misses you. The orc misses you.
The orc completely misses you. The orc completely misses you.
The orc closely misses you. The orc closely misses you.
The orc completely misses you. The orc misses you.
The orc completely misses you. The orc completely misses you.
The orc hits you with a +0 short sword. The orc completely misses you.
The orc hits you with a +0 short sword. The orc barely misses you.
The orc misses you. The orc completely misses you. x2
The orc hits you with a +2 dagger of draining.
You feel drained. The orc misses you. The orc hits you but does no damage.
You feel drained. The orc misses you. The orc closely misses you.
The orc hits you with a +0 short sword. The orc barely misses you.
The orc hits you with a +0 short sword.
* * * LOW HITPOINT WARNING * * *
The orc misses you. The orc hits you with a +0 short sword.
* * * LOW HITPOINT WARNING * * *
The orc closely misses you. The orc completely misses you.
The orc hits you with a +2 dagger of draining.
You die...

.... #########
..... ...>..o@#
....# #######o#
....# #.# ....#
#.# ....# #.#
....############.#
.................#
.....#############
.###.#####


You could see 2 orcs.

Vanquished Creatures
  A scorpion (D:4)
  An iguana (D:4)
  An orc wizard (D:3)
  2 adders (D:4)
  A worm (D:3)
  A dart slug (D:1)
  3 orcs (D:3)
  4 endoplasms
  4 giant cockroaches
  6 goblins
  4 hobgoblins
  3 quokkas
  3 ball pythons
  4 bats
  4 frilled lizards
  3 kobolds
  10 rats
55 creatures vanquished.

Notes
Turn   | Place    | Note
-------+----------+-------------------------------------------
     0 | D:1      | Essalna the Demonspawn Conjurer began the quest for the
                  | Orb.
     0 | D:1      | Reached XP level 1. HP: 13/13 MP: 3/3
    10 | D:1      | You fall into a shaft and drop 1 floor!
   719 | D:2      | Gained mutation: You are partially covered in razor-sharp
                  | scales. (AC +1, Slay +1) [demonic ancestry]
   719 | D:2      | Reached XP level 2. HP: 19/19 MP: 3/5
   893 | D:2      | Found a faded altar of an unknown god.
  1422 | D:1      | Reached XP level 3. HP: 24/24 MP: 5/7
  2338 | D:3      | Learned a level 2 spell: Searing Ray
  2346 | D:3      | Gained mutation: You have a small tail. [demonic ancestry]
  2346 | D:3      | Reached XP level 4. HP: 30/30 MP: 2/8
  2386 | D:3      | Noticed Grinder
  2434 | D:3      | Noticed Sigmund
  2569 | D:4      | Reached skill level 5 in Conjurations
  2758 | D:4      | Noticed a scorpion
  2767 | D:4      | Killed a scorpion
  2768 | D:4      | Gained mutation: You have a tail ending in a sharp stinger.
                  | [demonic ancestry]
  2768 | D:4      | Reached XP level 5. HP: 35/35 MP: 1/10
  2929 | D:4      | Slain by an orc

Illustrated notes

Levels and vault maps discovered:
D:1:      dpeg_arrival_ratfight, layout_loops_ring
D:2:      layout_rooms, dreamdust_ecumenical_altar_statues,
          minmay_randomly_rotated_circles
D:3:      layout_basic, jmf_multi_god_temple, dreamdust_wishing_well,
          uniq_grinder, uniq_sigmund
D:4:      layout_basic, nicolae_gozag_seed_capital

Skill      XL: |  1  2  3  4 |
---------------+-------------+-----
Spellcasting   | 3 |  3.9
Conjurations   | 5 |  5.5
Dodging        | |  1.7
Stealth        | |  1.7

Action                   |  1- 3 |  4- 6 || total
-------------------------+-------+-------++-------
Melee: Unarmed           |    56 |       ||    56
       Dagger            |       |     8 ||     8
       Tailslap          |       |     3 ||     3
 Cast: Magic Dart        |    67 |    18 ||    85
       Searing Ray       |       |     3 ||     3
  Use: Scroll            |     6 |     2 ||     8
Armor: Robe              |    20 |    12 ||    32
Dodge: Dodged            |    59 |    87 ||   146

Table legend: (Time is in decaauts)
 A = Elapsed time spent in this place.
 B = Non-inter-level travel time spent in this place.
 C = Inter-level travel time spent in this place.
 D = Time resting spent in this place.
 E = Time spent auto-exploring this place.
 F = Levels seen in this place.
 G = Mean time per level.
                   A        B        C        D        E       F      G
               +--------+--------+--------+--------+--------+-----+--------+
         Total |   2929 |   2897 |     32 |     40 |   2407 |   4 |  732.2 |
       Dungeon |   2929 |   2897 |     32 |     40 |   2407 |   4 |  732.2 |
               +--------+--------+--------+--------+--------+-----+--------+

Top non-repeatable levels by time:
     D:2: 1178 daAuts
     D:1: 1141 daAuts
     D:4: 530 daAuts
     D:3: 78 daAuts
